 Dungeon Crawl Stone Soup version 0.14.0-24-gfb45beb (webtiles) character file.

524 4tharraofdagon the Ruffian (level 7, -2/54 (60) HPs)
             Began as a Ghoul Monk on Apr 24, 2014.
             Slain by a mummy (12 damage)
             ... in an ossuary.
             The game lasted 00:05:49 (1166 turns).

4tharraofdagon the Ruffian (Ghoul Monk)             Turns: 1166, Time: 00:05:49

HP  -2/54 (60)   AC  8     Str 16      XL: 7   Next:  8%
MP   5/5         EV  6     Int  5      God:
Gold 57          SH  0     Dex 11 (12) Spells:  0 memorised,  6 levels left

rFire  + . .     SeeInvis .       - Unarmed
rCold  + + .     Clarity  .     c - +0 chain mail (curse)
rNeg   + + +     Conserve .     (no shield)
rPois  +         rCorr    .     (no helmet)
rElec  +         rRot     +     (no cloak)
SustAb . .       Spirit   .     (no gloves)
rMut   .         Warding  .     (no boots)
Saprov + + +     Stasis   .     (no amulet)
MR     .....                    (no ring)
                                (no ring)

@: very slightly contaminated, rotting, hasted, very quick, not resistant to
hostile enchantments, extremely unstealthy
A: rotting body, claws 1, carnivore 3, cold resistance 1, life protection 3,
poison resistance, saprovore 3, slow healing 1, torment resistance, unbreathing
a: no special abilities


You were in an ossuary.
You were not hungry.

You visited 1 branch of the dungeon, and saw 4 of its levels.
You also visited: Ossuary.

You collected 57 gold pieces.

Inventory:

Missiles
 h - 14 darts of dispersal (quivered)
Armour
 a - a cursed +0 robe
 c - a cursed +0 chain mail (worn)
Comestibles
 b - a meat ration
 t - a rotting chunk of kobold flesh
 u - a rotting chunk of bat flesh
 v - a chunk of hound flesh
Scrolls
 e - a scroll of remove curse
 g - a scroll of blinking {unknown}
 i - a scroll of fear {unknown}
 j - a scroll of enchant armour {unknown}
 o - a scroll of magic mapping {unknown}
Potions
 d - a potion of mutation
 k - a potion of curing
 l - a potion of restore abilities
 n - a potion of resistance


   Skills:
 + Level 4.8 Fighting
 + Level 2.3 Armour
 + Level 3.9 Dodging
 - Level 2.1 Stealth
 * Level 6.8 Unarmed Combat


You had 6 spell levels left.
You didn't know any spells.

Dungeon Overview and Level Annotations

Branches:
Dungeon (4/15)
 Temple: D:4-7

Altars:
Makhleb
Vehumet


Innate Abilities, Weirdness & Mutations

Your body is rotting away.
You have sharp fingernails.
You are carnivorous and can eat meat at any time.
Your flesh is cold resistant.
You are immune to negative energy.
Your system is resistant to poisons.
You thrive on rotten meat.
You heal slowly when monsters are visible.
You are immune to unholy pain and torment.
You can survive without breathing.


Message History

It was a potion of resistance.
Unknown command.
Drink which item? (? for menu, Esc to quit)
You feel extremely strange.
Your body decomposes!
* * * LOW HITPOINT WARNING * * *
Your body decomposes!
You feel clumsy.
Your body decomposes!
* * * LOW HITPOINT WARNING * * *
It was a potion of mutation.
The mummy hits you but does no damage.
Unknown command.
Drink which item? (? for menu, Esc to quit)
You feel yourself speed up.
It was a potion of haste.
You are very lightly contaminated with residual magic.
Unknown command.
You claw the mummy!
The mummy is almost destroyed.
The mummy hits you!
You die...

### #≈≈ #≈#
#P# .#
###≈#+#≈≈.#
#.'≈.≈n..≈.≈
###.#####
#.'.#@..#
###nM.∩.#
+.#..∩#
#.##### '.+
##.# +M# #.+
'.#


You could see a decayed bog body and a mummy.

Vanquished Creatures
  Grinder (D:3)
  A phantom (D:4)
  A hound (D:4)
  2 mummies (Ossuary)
  A gnoll (D:4)
  4 adders
  2 worms
  An orc (D:3)
  A ball python (D:1)
  7 bats
  6 goblins
  2 hobgoblins
  3 giant newts
  A goblin zombie (Ossuary)
  10 jackals
  3 kobolds
  3 rats
49 creatures vanquished.

Vanquished Creatures (others)
  A plant (Ossuary)
1 creature vanquished.

Grand Total: 50 creatures vanquished

Notes
Turn   | Place    | Note
--------------------------------------------------------------
     0 | D:1      | 4tharraofdagon, the Ghoul Monk, began the quest for the Orb.
     0 | D:1      | Reached XP level 1. HP: 19/19 MP: 1/1
    40 | D:1      | Reached XP level 2. HP: 13/26 MP: 2/2
   348 | D:2      | Reached skill level 5 in Unarmed Combat
   348 | D:2      | Reached XP level 3. HP: 19/33 MP: 3/3
   482 | D:3      | Noticed Grinder
   553 | D:3      | Killed Grinder
   553 | D:3      | Reached skill level 1 in Armour
   553 | D:3      | Reached skill level 6 in Unarmed Combat
   553 | D:3      | Reached XP level 4. HP: 21/41 MP: 3/3
   553 | D:3      | Reached XP level 5. HP: 24/47 MP: 4/4
   553 | D:3      | Reached XP level 6. HP: 27/53 MP: 5/5
   657 | D:2      | Found a radiant altar of Vehumet.
   854 | D:3      | Found a burning altar of Makhleb.
  1103 | D:4      | Reached XP level 7. HP: 29/59 MP: 5/5
  1123 | D:4      | Found a sand-covered staircase.
  1130 | Ossuary  | Entered an ossuary
  1166 | Ossuary  | Slain by a mummy

Action                   |  1- 3 |  4- 6 |  7- 9 || total
-------------------------+-------+-------+-------++-------
Melee: Unarmed           |   100 |    73 |    16 ||   189
  Use: Scroll            |     3 |       |       ||     3
       Potion            |       |       |     4 ||     4
